 Dungeon Crawl Stone Soup version 0.29.0 (webtiles) character file.

Game seed: 12173398256662770727

184 lyrin the Cutter (level 5, -3/45 HPs)
             Began as a Draconian Brigand on Sept 4, 2022.
             Was a Follower of Zin.
             Slain by a gnoll
             ... wielding a +0 halberd
              (11 damage)
             ... on level 3 of the Dungeon.
             The game lasted 00:03:48 (3436 turns).

lyrin the Cutter (Draconian Brigand)                Turns: 3436, Time: 00:03:49

Health: -3/45      AC:  6    Str: 13    XL:     5   Next: 36%
Magic:  5/5        EV: 16    Int: 12    God:    Zin [*.....]
Gold:   100        SH:  0    Dex: 14    Spells: 4/4 levels left

rFire   . . .      SeeInvis .   a - +2 dagger
rCold   . . .      Faith    .   (no shield)
rNeg    . . .      Spirit   .   (body armour unavailable)
rPois   .          Reflect  .   (helmet restricted)
rElec   .          Harm     .   b - +0 cloak
rCorr   .          Rampage  .   (no gloves)
Will    .....                   (no boots)
Stlth   ++........              (no amulet)
HPRegen 0.15/turn               o - +4 ring of evasion
MPRegen 0.09/turn               (no ring)

@: no status effects
A: AC +5, unfitting armour, cold-blooded
a: Renounce Religion, Recite, Donate Gold


You were on level 3 of the Dungeon.
You worshipped Zin.
Zin was aware of your devotion.
You visited 1 branch of the dungeon, and saw 4 of its levels.

You collected 111 gold pieces.
You donated 11 gold pieces to Zin.

Inventory:

Hand Weapons
 a - a +2 dagger (weapon)
Missiles
 c - 9 poisoned darts
 d - 2 curare-tipped darts (quivered)
Armour
 b - a +0 cloak (worn)
Jewellery
 o - a +4 ring of evasion (left hand)
Wands
 k - a wand of mindburst (13)
 n - a wand of flame (9)
Scrolls
 e - 4 scrolls of teleportation {unknown}
 f - 2 scrolls of identify {unknown}
 h - a scroll of fear {unknown}
Potions
 g - a potion of flight {unknown}
 i - 2 potions of might {unknown}
 j - 2 potions of curing {unknown}
 l - a potion of ambrosia {unknown}
 m - a potion of magic {unknown}


   Skills:
 + Level 3.3 Fighting
 + Level 4.1 Short Blades
 - Level 1.7 Throwing
 + Level 2.6 Dodging
 - Level 3.6 Stealth
 * Level 0.8 Invocations


You had 4 spell levels left.
You didn't know any spells.
Your spell library contained the following spells:

 Spells                   Type           Power      Damage    Failure   Level
 Gell's Gravitas          Tloc           0%         N/A       69%         3
 Ignite Poison            Fire/Tmut/Pois 0%         N/A       69%         3
 Lesser Beckoning         Tloc           0%         N/A       69%         3
 Mephitic Cloud           Conj/Pois/Air  0%         N/A       69%         3
 Teleport Other           Tloc           0%         N/A       69%         3
 Freezing Cloud           Conj/Ice/Air   0%         6-21      100%        5


Dungeon Overview and Level Annotations

Branches:
Dungeon (4/15)
 Temple: D:4-7

Altars:
Qazlal
Sif Muna
Zin


Innate Abilities, Weirdness & Mutations

Your plain brown scales are hard. (AC +5)
You cannot fit into any form of body armour.
You are cold-blooded and may be slowed by cold attacks.


Message History

You climb upwards.
There is a stone staircase leading down, spattered with blood here.
You hit the gnoll.
You tail-slap the gnoll, but do no damage.
The gnoll is lightly wounded.
The gnoll hits you with a +0 halberd!
You hit the gnoll but do no damage.
The gnoll is lightly wounded.
The gnoll completely misses you.
You hit the gnoll but do no damage.
The gnoll is lightly wounded.
You hit the gnoll.
You tail-slap the gnoll, but do no damage.
The gnoll is moderately wounded.
The gnoll closely misses you.
You barely miss the gnoll.
The gnoll is moderately wounded.
The gnoll hits you with a +0 halberd!
You barely miss the gnoll.
Your tail-slap misses the gnoll.
The gnoll is moderately wounded.
The gnoll hits you with a +0 halberd.
You hit the gnoll but do no damage.
The gnoll is moderately wounded.
The gnoll hits you with a +0 halberd!
* * * LOW HITPOINT WARNING * * *
You hit the gnoll.
The gnoll is heavily wounded.
Okay, then.
Throw: 3 darts (curare)
Press: ? - help, Q - select action, (/) - cycle Shift-Dir - straight line, f - gnoll
Aim: a gnoll, wielding a +0 halberd (heavily wounded, 63% to hit)
You throw a curare-tipped dart. The curare-tipped dart hits the gnoll.
The gnoll is poisoned.
The gnoll convulses.
The gnoll seems to slow down.
The gnoll is severely wounded.
The gnoll completely misses you.
You closely miss the gnoll.
The gnoll is severely wounded.
The gnoll hits you with a +0 halberd!
You die...

########## #........# ###
#.#.####.# ..# #.#......#
..# #.#.######
..#####.#.########
..††............@#
..###....<.....#g#
..###..........#.####
...##..........#....#
...##..........#....#
....#..........#....#
...............<....#
...#...........#....#
...#...........#....#######


You could see a gnoll (very poisoned, slow).

Vanquished Creatures
  A hound (D:3)
  An iguana (D:3)
  3 gnolls (D:3)
  2 adders (D:2)
  6 dart slugs
  7 ball pythons
  8 bats
  5 endoplasms
  5 giant cockroaches
  4 goblins
  8 hobgoblins
  5 kobolds
  2 quokkas (D:1)
  3 frilled lizards (D:1)
  5 rats
65 creatures vanquished.

Notes
Turn   | Place    | Note
-------+----------+-------------------------------------------
     0 | D:1      | lyrin the Draconian Brigand began the quest for the Orb.
     0 | D:1      | Reached XP level 1. HP: 17/17 MP: 1/1
    37 | D:1      | Reached skill level 1 in Dodging
   116 | D:1      | Reached XP level 2. HP: 25/25 MP: 2/2
   572 | D:1      | Reached XP level 3. HP: 30/30 MP: 3/3
   806 | D:1      | Found a faded altar of an unknown god.
  1136 | D:2      | Reached skill level 3 in Short Blades
  1391 | D:2      | You fall into a shaft and drop 1 floor!
  1630 | D:2      | Reached XP level 4. HP: 18/37 MP: 4/4
  2444 | D:3      | Found a shimmering blue altar of Sif Muna.
  2444 | D:3      | Found a faded altar of an unknown god.
  2454 | D:3      | Found a faded altar of an unknown god.
  2456 | D:3      | Found a glowing silver altar of Zin.
  2458 | D:3      | Found a stormy altar of Qazlal.
  2505 | D:3      | Became a worshipper of Zin the Law-Giver
  2505 | D:3      | Reached * piety under Zin
  2602 | D:3      | Reached skill level 4 in Short Blades
  2602 | D:3      | Reached XP level 5. HP: 30/45 MP: 5/5
  3436 | D:3      | Slain by a gnoll

Illustrated notes

Levels and vault maps discovered:
D:1:      amcnicky_arrival_wind_blow, layout_basic,
          shapermc_ecumenical_altar_mp_highgroup, hangedman_feature_mirror,
          minmay_tromino_v4_c
D:2:      layout_basic, kennysheep_nondescript, minmay_diced_spiral
D:3:      layout_basic, chequers_temple_overflow_minitemple
D:4:      layout_loops_ring, uniq_blork_the_orc

Skill      XL: |  1  2  3  4 |
---------------+-------------+-----
Dodging        | 1 2 |  2.6
Short Blades   | 3 4 |  4.1
Fighting       | 3 |  3.3
Throwing       | |  1.7
Stealth        | |  3.6
Invocations    | |  0.8

Action                   |  1- 3 |  4- 6 || total
-------------------------+-------+-------++-------
Melee: Dagger            |   148 |   115 ||   263
       Tailslap          |    11 |    10 ||    21
       Punch             |       |     1 ||     1
Throw: Dart              |       |     3 ||     3
 Stab: Sleeping          |    11 |       ||    11
Armor: Skin              |    43 |    17 ||    60
Dodge: Dodged            |    97 |   101 ||   198
